Map: Kairos Junction LE

Players

Woah - Winner!

  • Race: Terran Terran
  • League: Diamond
  • Spawn Location: 5:00

AIphaStar

  • Race: Terran Terran
  • Spawn Location: 11:00

VOD

Have the link to the VOD?

Description

Time

  • Played on: June 14, 2019, 9:38 p.m.
  • Length: 7:24
Show
View Real Time Build Order
Export as new Build Order

Woah Terran - Winner!

Build Orders:  

Get SALT Encoding   

  12  0:02  SCV  
  14  0:14  SCV  
  14  0:19  Supply Depot  
  14  0:26  SCV  
  15  0:29  Refinery  
  15  0:41  SCV  
  16  0:46  Barracks  
  16  0:54  Refinery  
  16  0:57  SCV  
  17  1:09  SCV  
  18  1:21  SCV  
  19  1:33  Reaper  
  19  1:34  Orbital Command  
  20  1:41  Factory  
  20  1:51  Supply Depot  
  20  2:01  SCV  
  20  2:06  Reaper  
  22  2:13  SCV  
  23  2:26  Hellion  
  25  2:37  Command Center  
  25  2:40  SCV  
  26  2:52  Starport, Factory Tech Lab  
  26  2:57  SCV  
  27  3:00  Barracks Reactor  
  27  3:09  SCV  
  28  3:33  Cyclone  
  30  3:37  Marine  
  31  3:42  Starport Tech Lab  
  31  3:49  SCV, Orbital Command, Marine  
  33  4:01  SCV  
  34  4:04  Raven  
  34  4:07  Refinery  
  36  4:10  Siege Tank  
  36  4:14  SCV  
  40  4:20  Marine  
  40  4:21  Marine  
  42  4:26  SCV  
  43  4:35  Supply Depot  
  43  4:37  Supply Depot  
  43  4:38  SCV  
  44  4:56  Stimpack, Marine  
  48  5:03  Viking x2  
  48  5:06  SCV  
  50  5:10  SCV  
  50  5:13  Siege Tank  
  54  5:14  Marine  
  54  5:18  SCV  
  56  5:23  SCV  
  56  5:26  Engineering Bay  
  57  5:30  SCV, Barracks  
  58  5:40  Marine  
  58  5:41  Viking  
  61  5:44  SCV  
  62  5:52  Viking  
  60  5:57  Marine  
  47  6:21  SCV x2  
  45  6:33  SCV x2  
  45  6:42  Missile Turret  
  45  6:45  SCV x2  
Show
View Real Time Build Order
Export as new Build Order

AIphaStar Terran 

Build Orders:  

Get SALT Encoding   

  12  0:00  SCV  
  13  0:16  Supply Depot  
  13  0:18  SCV  
  14  0:34  Refinery  
  14  0:42  Barracks  
  14  1:01  SCV  
  15  1:27  Refinery  
  15  1:29  Marine  
  16  1:40  Supply Depot  
  16  1:47  Factory  
  16  1:49  Marine  
  17  1:58  Orbital Command  
  17  1:59  Supply Depot  
  17  2:07  Marine  
  18  2:26  Marine  
  19  2:46  Factory Tech Lab  
  19  2:49  Starport  
  19  2:51  Marine  
  20  2:52  SCV  
  21  3:04  SCV  
  22  3:16  Marine  
  22  3:34  Marine  
  22  3:41  Fusion Core  
  23  3:48  SCV  
  23  3:51  Marine  
  24  4:00  SCV  
  25  4:09  Marine  
  26  4:15  Supply Depot  
  26  4:18  Factory Tech Lab  
  26  4:22  SCV  
  27  4:28  Battlecruiser  
  27  4:31  Weapon Refit  
  33  4:44  Marine  
  34  4:54  Command Center  
  34  5:21  Marine  
  35  5:38  Battlecruiser  
  39  6:17  Siege Tank  
  41  6:31  Marine  
Tags
 
League
Diamond
Matchup
TvT
Race
Terran
Replay Pack
r1
Spawn Locations
Cross Positions
Add a new tag
Caveats
  • Supply blocks, unpowered buildings, or Contaminate may cause inaccurate times.
  • Supply counts are checked every 10 seconds.